 Dungeon Crawl Stone Soup version 0.25.1-2-g60ff931df9 (webtiles) character file.

Game seed: 2938809285270779292

1335 Almogavar the Charmwright (level 8, 0/64 HPs)
             Began as a Gnoll Skald on Sept 4, 2020.
             Slain by an orc warrior
             ... wielding a +0 hand axe
              (11 damage)
             ... on level 6 of the Dungeon.
             The game lasted 00:30:00 (6094 turns).

Almogavar the Charmwright (Gnoll Skald)             Turns: 6094, Time: 00:30:00

Health: 0/64       AC:  7    Str: 16    XL:     8   Next: 61%
Magic:  15/17      EV: 18    Int: 21    God:
Gold:   269        SH:  0    Dex: 15    Spells: 16/19 levels left

rFire    . . .     SeeInvis .   a - +0 falchion
rCold    . . .     Gourm    .   (no shield)
rNeg     . . .     Faith    .   s - +0 ring mail
rPois    .         Spirit   .   (no helmet)
rElec    .         Reflect  .   (no cloak)
rCorr    .         Harm     .   (no gloves)
MR       .....                  E - +0 pair of boots
Stlth    ++........             (no amulet)
HPRegen  0.20/turn              D - +4 ring of evasion
MPRegen  0.15/turn              w - +6 ring of intelligence

@: infused
A: distributed training, fangs 1, strong nose
a: no special abilities


You were on level 6 of the Dungeon.
You were not hungry.

You visited 1 branch of the dungeon, and saw 6 of its levels.

You collected 269 gold pieces.

Inventory:

Hand Weapons
 a - a +0 falchion (weapon)
 b - a +0 hand crossbow
 e - a +0 hunting sling
Missiles
 h - 198 stones
 q - 12 javelins (quivered)
Armour
 f - a +1 pair of boots
 s - a +0 ring mail (worn)
 E - a +0 pair of boots (worn)
Jewellery
 g - an uncursed ring of flight
 l - an uncursed ring of protection from cold
 p - an uncursed ring of poison resistance
 w - a +6 ring of intelligence (right hand)
 D - a +4 ring of evasion (left hand)
Wands
 n - a wand of flame (21)
 x - a wand of random effects (12)
 B - a wand of disintegration (8)
Scrolls
 r - 10 scrolls of remove curse
 t - a scroll of enchant armour
 y - 2 scrolls of teleportation
Potions
 c - 2 potions of curing
 i - 2 potions of invisibility
 j - a potion of haste {unknown}
 k - a potion of heal wounds
 m - 3 potions of flight
 o - 3 potions of lignification
 u - a potion of cancellation {unknown}
 v - 2 potions of mutation {unknown}
 z - 5 potions of degeneration {unknown}
 A - a potion of ambrosia {unknown}
 F - 2 potions of stabbing {unknown}
Comestibles
 d - 10 rations
 C - 4 chunks of flesh


   Skills:
 + Level 5.7 Fighting
 + Level 3.3 Short Blades
 + Level 5.7 Long Blades
 + Level 3.3 Axes
 + Level 3.3 Maces & Flails
 + Level 3.3 Polearms
 + Level 3.3 Staves
 + Level 3.3 Slings
 + Level 3.3 Bows
 + Level 3.3 Crossbows
 + Level 3.3 Throwing
 + Level 4.3 Armour
 + Level 5.7 Dodging
 + Level 3.3 Stealth
 + Level 3.3 Shields
 + Level 3.3 Unarmed Combat
 + Level 6.1 Spellcasting
 + Level 2.7 Conjurations
 + Level 2.7 Hexes
 + Level 6.1 Charms
 + Level 2.7 Summonings
 + Level 2.7 Necromancy
 + Level 2.7 Translocations
 + Level 2.7 Transmutations
 + Level 2.7 Fire Magic
 + Level 2.7 Ice Magic
 + Level 2.7 Air Magic
 + Level 2.7 Earth Magic
 + Level 2.7 Poison Magic
 + Level 3.7 Invocations
 + Level 3.3 Evocations


You had 16 spell levels left.
You knew the following spells:

 Your Spells              Type           Power        Failure   Level  Hunger
a - Infusion              Chrm           ####         1%          1    None
b - Song of Slaying       Chrm           ####....     1%          2    None

Your spell library contained the following spells:

 Spells                   Type           Power        Failure   Level  Hunger
 Shroud of Golubria       Chrm/Tloc      ####..       4%          2    None
 Ozocubu's Armour         Chrm/Ice       ####....     9%          3    ##.....
 Spectral Weapon          Hex/Chrm       ####....     9%          3    ##.....


Dungeon Overview and Level Annotations

Branches:
Dungeon (6/15)
 Temple: D:4-7

Altars:
Dithmenos
Elyvilon
Kikubaaqudgha
Makhleb
Uskayaw

Annotations:
D:6 Prince Ribbit


Innate Abilities, Weirdness & Mutations

Your experience applies equally to all skills.
You have very sharp teeth.
Your uncanny sense of smell can sniff out nearby items.


Message History

The orc warrior is almost dead.
The orc warrior misses you.
You closely miss the orc warrior.
You bite the orc warrior, but do no damage.
The orc warrior is almost dead.
The orc warrior hits you with a +0 hand axe!
* * * LOW HITPOINT WARNING * * *
You closely miss the orc warrior.
The orc warrior is almost dead.
The orc warrior hits you with a +0 hand axe.
* * * LOW HITPOINT WARNING * * *
You hit the orc warrior.
The orc warrior is almost dead.
The orc warrior hits you with a +0 hand axe.
* * * LOW HITPOINT WARNING * * *
Casting: Infusion (safe; 1% risk of failure)
Confirm with . or Enter, or press ? or * to list all spells.
You begin infusing your attacks with magical energy.
The orc warrior hits you with a +0 hand axe!
You die...

.. #####.###### .
#..........# ###.
#..........###....(
#....[.........#o.( #
#.............(.[.( .#
#..........####.##. .#
#.... #..........# .
.#.#.... #########)##...#
.#...... #(.o@.......#
........#####(####[######
.##........#..# #..#
.###.##......# #.##
.....##......# #.# ..
###..####....####.# ....
..................##.....
##.....##................
###...#####.##...........


You could see an orc warrior.

Vanquished Creatures
  Grinder (D:5)
  A steam dragon (D:5)
  Duvessa (D:4)
  A phantom (D:5)
  3 ogres
  A bullfrog (D:6)
  Dowan (D:4)
  A howler monkey (D:4)
  2 orc priests (D:3)
  A bullfrog skeleton (D:4)
  A gnoll shaman (D:5)
  4 orc wizards
  Ijyb (D:3)
  A worker ant (D:4)
  4 adders
  An ooze (D:1)
  6 worms
  2 dart slugs
  15 orcs
  4 giant cockroaches
  12 goblins
  7 hobgoblins
  14 jackals
  8 kobolds
  A quokka (D:3)
  7 bats
  5 frilled lizards
  A giant cockroach zombie (D:6)
  A quokka skeleton (D:5)
  6 rats
114 creatures vanquished.

Notes
Turn   | Place    | Note
-------+----------+-------------------------------------------
     0 | D:1      | Almogavar the Gnoll Skald began the quest for the Orb.
     0 | D:1      | Reached XP level 1. HP: 20/20 MP: 6/6
     2 | D:1      | Noticed a naga
     2 | D:1      | Noticed a human
     4 | D:1      | Noticed a vine stalker
     4 | D:1      | Noticed a ghoul
     6 | D:1      | Noticed a troll
     8 | D:1      | Noticed a tengu
     8 | D:1      | Noticed a draconian
    10 | D:1      | Noticed a halfling
    12 | D:1      | Noticed a demigod
    12 | D:1      | Noticed a formicid
    14 | D:1      | Noticed a felid
    14 | D:1      | Noticed a gargoyle
    16 | D:1      | Noticed a centaur
    16 | D:1      | Noticed a demonspawn
    18 | D:1      | Noticed an elf
    18 | D:1      | Noticed an ogre
    20 | D:1      | Noticed a spriggan
    20 | D:1      | Noticed a minotaur
    22 | D:1      | Noticed a vampire
    24 | D:1      | Noticed a merfolk
    24 | D:1      | Noticed an octopode
    26 | D:1      | Noticed a dwarf
    51 | D:1      | Reached XP level 2. HP: 21/26 MP: 7/7
   391 | D:1      | Reached XP level 3. HP: 31/31 MP: 9/9
   454 | D:1      | Reached skill level 5 in Spellcasting
   765 | D:2      | Reached skill level 1 in Invocations
   948 | D:2      | Reached skill level 1 in Short Blades
   948 | D:2      | Reached skill level 1 in Axes
   948 | D:2      | Reached skill level 1 in Maces & Flails
   948 | D:2      | Reached skill level 1 in Polearms
   948 | D:2      | Reached skill level 1 in Staves
   948 | D:2      | Reached skill level 1 in Slings
   948 | D:2      | Reached skill level 1 in Bows
   948 | D:2      | Reached skill level 1 in Crossbows
   948 | D:2      | Reached skill level 1 in Throwing
   948 | D:2      | Reached skill level 1 in Stealth
   948 | D:2      | Reached skill level 1 in Shields
   948 | D:2      | Reached skill level 1 in Unarmed Combat
   948 | D:2      | Reached skill level 1 in Evocations
   949 | D:2      | Found an ancient bone altar of Kikubaaqudgha.
  1031 | D:2      | Reached XP level 4. HP: 38/38 MP: 11/11
  1068 | D:2      | Found a hide-covered altar of Uskayaw.
  1702 | D:3      | Reached skill level 1 in Conjurations
  1702 | D:3      | Reached skill level 1 in Hexes
  1702 | D:3      | Reached skill level 1 in Summonings
  1702 | D:3      | Reached skill level 1 in Necromancy
  1702 | D:3      | Reached skill level 1 in Translocations
  1702 | D:3      | Reached skill level 1 in Transmutations
  1702 | D:3      | Reached skill level 1 in Fire Magic
  1702 | D:3      | Reached skill level 1 in Ice Magic
  1702 | D:3      | Reached skill level 1 in Air Magic
  1702 | D:3      | Reached skill level 1 in Earth Magic
  1702 | D:3      | Reached skill level 1 in Poison Magic
  1759 | D:3      | Noticed Ijyb
  1778 | D:3      | Killed Ijyb
  1778 | D:3      | Reached XP level 5. HP: 42/43 MP: 5/12
  1842 | D:3      | Found a shadowy altar of Dithmenos.
  1984 | D:3      | Found a burning altar of Makhleb.
  2553 | D:4      | Reached XP level 6. HP: 47/50 MP: 13/13
  2908 | D:4      | Found a white marble altar of Elyvilon.
  3013 | D:4      | Noticed Duvessa
  3021 | D:4      | Noticed Dowan
  3330 | D:4      | Killed Duvessa
  3330 | D:4      | Reached skill level 5 in Fighting
  3330 | D:4      | Reached skill level 5 in Long Blades
  3330 | D:4      | Reached skill level 5 in Dodging
  3335 | D:4      | Killed Dowan
  3335 | D:4      | Reached XP level 7. HP: 51/56 MP: 15/15
  3931 | D:5      | Entered Level 5 of the Dungeon
  3931 | D:5      | Noticed Grinder
  4207 | D:5      | Killed Grinder
  4564 | D:5      | Reached XP level 8. HP: 52/63 MP: 16/16
  5696 | D:5      | Learned a level 2 spell: Song of Slaying
  5843 | D:6      | Noticed Prince Ribbit
  6094 | D:6      | Slain by an orc warrior

Illustrated notes

Levels and vault maps discovered:
D:1:      kb_arrival_jail, layout_rooms
D:2:      layout_basic, kiku_gazebo_garden_becter,
          eat_drink_and_be_merry_uskayaw, minivault_24
D:3:      layout_loops_ring, lemuel_coloured_pillars_altar, first_ration,
          grunt_dithmenos_smoke_and_mirrors, uniq_ijyb
D:4:      layout_loops_corners, elyvilon_altar_5, uniq_duvessa
D:5:      layout_basic, minmay_tree_intersection, uniq_grinder
D:6:      layout_rooms, lemuel_doored_altar, tso_metal_star,
          minmay_temple_entry_offerings, uniq_prince_ribbit1

Skill      XL: |  1  2  3  4  5  6  7  8 |
---------------+-------------------------+-----
Spellcasting   | 5 6 |  6.1
Invocations    | 1 2 3 |  3.7
Short Blades   | 1 2 3 |  3.3
Axes           | 1 2 3 |  3.3
Maces & Flails | 1 2 3 |  3.3
Polearms       | 1 2 3 |  3.3
Staves         | 1 2 3 |  3.3
Slings         | 1 2 3 |  3.3
Bows           | 1 2 3 |  3.3
Crossbows      | 1 2 3 |  3.3
Throwing       | 1 2 3 |  3.3
Stealth        | 1 2 3 |  3.3
Shields        | 1 2 3 |  3.3
Unarmed Combat | 1 2 3 |  3.3
Evocations     | 1 2 3 |  3.3
Conjurations   | 1 2 |  2.7
Hexes          | 1 2 |  2.7
Summonings     | 1 2 |  2.7
Necromancy     | 1 2 |  2.7
Translocations | 1 2 |  2.7
Transmutations | 1 2 |  2.7
Fire Magic     | 1 2 |  2.7
Ice Magic      | 1 2 |  2.7
Air Magic      | 1 2 |  2.7
Earth Magic    | 1 2 |  2.7
Poison Magic   | 1 2 |  2.7
Armour         | 3 4 |  4.3
Fighting       | 5 |  5.7
Long Blades    | 5 |  5.7
Dodging        | 5 |  5.7
Charms         | 6 |  6.1

Action                   |  1- 3 |  4- 6 |  7- 9 || total
-------------------------+-------+-------+-------++-------
Melee: Falchion          |    36 |   104 |   122 ||   262
       Bite              |     6 |    25 |    21 ||    52
       Punch             |       |     1 |     1 ||     2
 Fire: Hunting sling     |    77 |    90 |   123 ||   290
Throw: Javelin           |       |     9 |    35 ||    44
 Cast: Infusion          |       |     3 |     5 ||     8
  Use: Scroll            |     5 |     3 |     4 ||    12
       Potion            |       |     1 |     1 ||     2
 Stab: Sleeping          |       |       |     1 ||     1
       Distracted        |       |       |     1 ||     1
  Eat: Chunk             |       |     7 |     7 ||    14
       Ration            |       |       |     1 ||     1
Armor: Leather armour    |    12 |     9 |       ||    21
       Ring mail         |       |    13 |    45 ||    58
Dodge: Dodged            |    33 |    67 |   117 ||   217
       Rpst.: Falchion   |     9 |    23 |    26 ||    58
